 Dungeon Crawl Stone Soup version 0.29-a0-284-gf9362112df (webtiles) character file.

Game seed: 11223086698299376820

5668 bande the Cleaver (level 10, -4/63 HPs)
             Began as a Gargoyle Fighter on Mar 31, 2022.
             Was a Follower of Okawaru.
             Slain by a two-headed ogre
             ... wielding a +0 giant club
              (7 damage)
             ... on level 10 of the Dungeon.
             The game lasted 00:22:21 (12902 turns).

bande the Cleaver (Gargoyle Fighter)               Turns: 12902, Time: 00:22:21

Health: -4/63      AC: 27    Str: 19    XL:     10   Next: 75%
Magic:  11/11      EV:  6    Int: 10    God:    Okawaru [*.....]
Gold:   447        SH:  5    Dex: 13    Spells: 9/9 levels left

rFire   . . .      SeeInvis .   a - +1 war axe
rCold   + . .      Faith    +   c - +0 buckler
rNeg    + . .      Spirit   .   i - +0 plate armour
rPois   ∞          Reflect  .   D - +0 helmet
rElec   +          Harm     .   h - +0 cloak
rCorr   .          Rampage  .   g - +0 pair of gloves
Will    .....                   l - +1 pair of boots
Stlth   ..........              j - amulet of faith
HPRegen 0.20/turn               b - ring of protection from cold
MPRegen 0.12/turn               u - ring of flight

@: flying
A: sickness immunity, AC +7, negative energy resistance 1, electricity
resistance, torment resistance 1, petrification resistance
a: Renounce Religion, Heroism


You were on level 10 of the Dungeon.
You worshipped Okawaru.
Okawaru was aware of your devotion.
You visited 2 branches of the dungeon, and saw 11 of its levels.

You collected 447 gold pieces.

Inventory:

Hand Weapons
 a - a +1 war axe (weapon)
 s - a +0 war axe
 v - a +0 flail
 w - the +8 shortbow of the Poles {flame, rPois Dex+7}
   (You found it on level 6 of the Dungeon)

   Any ammunition fired from it burns those it strikes, dealing additional fire
   damage.
   Dex:       It affects your dexterity (+7).
   rPois:     It protects you from poison.
Armour
 c - a +0 buckler (worn)
 g - a +0 pair of gloves (worn)
 h - a +0 cloak (worn)
 i - a +0 plate armour (worn)
 l - a +1 pair of boots (worn)
 D - a +0 helmet (worn)
Jewellery
 b - a ring of protection from cold (left hand)
 j - an amulet of faith (around neck)
 p - an amulet of the acrobat
 q - a ring of positive energy
 u - a ring of flight (right hand)
 A - a ring of willpower
Wands
 o - a wand of iceblast (40)
 y - a wand of acid (11)
Scrolls
 k - a scroll of enchant weapon
 n - 2 scrolls of teleportation
 t - a scroll of blinking
 x - a scroll of amnesia
 B - a scroll of fear
Potions
 d - a potion of might
 e - 2 potions of haste
 f - a potion of brilliance
 m - 3 potions of curing
 r - a potion of ambrosia
 z - a potion of heal wounds
 C - a potion of mutation {unknown}


   Skills:
 + Level 7.1 Fighting
 + Level 9.5 Axes
 + Level 8.1 Armour
 + Level 6.1 Shields
 * Level 2.1 Invocations
 * Level 5.6 Evocations


You had 9 spell levels left.
You didn't know any spells.
Your spell library contained the following spells:

 Spells                   Type           Power      Damage    Failure   Level
 Apportation              Tloc           0%         N/A       100%        1
 Inner Flame              Hex/Fire       0%         N/A       100%        3
 Cause Fear               Hex            0%         N/A       100%        4
 Fulminant Prism          Conj/Hex       0%         3d6       100%        4
 Iskenderun's Mystic Bla  Conj/Tloc      0%         2d3       100%        4
 Alistair's Intoxication  Tmut/Pois      0%         N/A       100%        5
 Lee's Rapid Deconstruct  Erth           0%         3d5*      100%        5
 Orb of Destruction       Conj           0%         9d5       100%        7
 Discord                  Hex            0%         N/A       100%        8
 Summon Guardian Golem    Hex/Summ       Unusable   N/A       N/A         3
 Spellforged Servitor     Conj/Summ      Unusable   N/A       N/A         7

Dungeon Overview and Level Annotations

Branches:
Dungeon (10/15)            Temple (1/1) D:6            Lair (0/6) D:9
    Orc: D:9-12

Altars:
Ashenzari
Cheibriados
Dithmenos
Elyvilon
Fedhas
Gozag
Hepliaklqana
Kikubaaqudgha
Makhleb
Nemelex Xobeh
Okawaru
Qazlal
Ru
Sif Muna
Trog
Uskayaw
Vehumet
Wu Jian
Xom
Yredelemnul
Zin
The Shining One

Shops:
D:8 *

Annotations:
D:9 3 runed translucent doors, pigah's ghost, novice OpAE


Innate Abilities, Weirdness & Mutations

You are immune to sickness and miasma.
Your stone body is resilient. (AC +7)
You are immune to poison.
You resist negative energy. (rN+)
You are resistant to electric shocks. (rElec)
You are resistant to unholy torment.
You are immune to petrification.


Message History

You reach down and open the door.
A centaur warrior, a gnoll shaman and a two-headed ogre come into view.
The centaur warrior shouts!
The gnoll shaman shouts!
The two-headed ogre shouts in stereo!
You hear a croak.
You hear a shout!
The centaur warrior wields a +0 longbow.
The centaur warrior shoots an arrow.
The arrow hits you but does no damage.
The centaur warrior shoots an arrow.
The arrow hits you!
The centaur warrior shoots an arrow.
The arrow barely misses you.
There is an open door here.
The centaur warrior shoots an arrow.
You block the arrow.
The centaur warrior shoots an arrow.
The arrow hits you but does no damage.
There is a stone staircase leading down here.
You fly downwards.
There is a stone staircase leading up here.
You start resting.
HP restored.
You start waiting.
Done waiting.
You fly upwards.
Level annotation: 3 runed translucent doors, pigah's ghost, novice OpAE The centaur warrior shoots an arrow.
The arrow barely misses you. You block the two-headed ogre's attack.
The two-headed ogre hits you with a +0 giant club!
The centaur warrior shoots an arrow.
You block the arrow.
There is a stone staircase leading down here.
The centaur warrior shoots an arrow.
The arrow hits you! You block the two-headed ogre's attack.
The two-headed ogre hits you with a +0 giant club.
The centaur warrior shoots an arrow.
The arrow hits you but does no damage.
You fly downwards.
There is a stone staircase leading up here.
You hit the two-headed ogre but do no damage.
You barely miss the two-headed ogre.
The two-headed ogre hits you with a +0 giant club!!
* * * LOW HITPOINT WARNING * * *
The two-headed ogre hits you with a +0 giant club!
* * * LOW HITPOINT WARNING * * *
You hit the two-headed ogre but do no damage.
The two-headed ogre hits you with a +0 giant club!
You die...

###############
.......@.......
#######O..#####
#...# #...#
#...# ....#
..... ......


You could see a two-headed ogre.

Vanquished Creatures
  A cyclops (D:8)
  An unseen horror (D:7)
  2 wyverns (D:9)
  5 yaks (D:9)
  3 water moccasins
  A sky beast (D:5)
  A centaur (D:8)
  An ogre (D:7)
  4 phantoms
  2 kobold brigands
  3 bullfrogs
  2 gnoll sergeants
  3 necrophages
  5 scorpions
  4 wights
  15 killer bees
  A howler monkey (D:5)
  7 hounds
  A jelly (D:5)
  2 orc priests
  Ijyb (D:4)
  A gnoll shaman (D:8)
  7 iguanas
  Natasha (thrice) (D:3)
  17 orc wizards
  9 gnolls
  7 adders
  A shadow imp (D:6)
  2 white imps
  4 ufetubi
  2 worms
  2 dart slugs
  29 orcs
  10 ball pythons
  6 bats
  3 endoplasms
  5 giant cockroaches
  6 goblins
  5 hobgoblins
  11 jackals
  4 quokkas
  2 frilled lizards (D:2)
  11 kobolds
  4 rats
  A spectral kobold (D:4)
217 creatures vanquished.

Vanquished Creatures (others)
  A fungus (D:1)
  A plant (D:1)
2 creatures vanquished.

Grand Total: 219 creatures vanquished

Notes
Turn   | Place    | Note
-------+----------+-------------------------------------------
     0 | D:1      | bande the Gargoyle Fighter began the quest for the Orb.
     0 | D:1      | Reached XP level 1. HP: 14/14 MP: 1/1
   195 | D:1      | Found a faded altar of an unknown god.
   210 | D:1      | Reached XP level 2. HP: 19/19 MP: 2/2
   362 | D:1      | Reached skill level 2 in Axes
   362 | D:1      | Reached XP level 3. HP: 12/24 MP: 3/3
  1089 | D:2      | Identified the +0 ring mail "Weozoy" {rF- SInv Stlth+}
  1154 | D:2      | Reached XP level 4. HP: 29/29 MP: 4/4
  1610 | D:3      | Noticed a phantom
  1799 | D:3      | Killed a phantom
  1800 | D:3      | Reached skill level 3 in Axes
  1800 | D:3      | Reached XP level 5. HP: 18/33 MP: 5/5
  2045 | D:3      | Noticed Natasha
  2058 | D:3      | Killed Natasha
  2059 | D:3      | Reached skill level 4 in Axes
  2059 | D:3      | Reached XP level 6. HP: 26/38 MP: 6/6
  2161 | D:3      | Noticed Natasha
  2167 | D:3      | Killed Natasha
  2353 | D:3      | Noticed Natasha
  2365 | D:3      | Killed Natasha
  2991 | D:4      | Noticed Ijyb
  3000 | D:4      | Killed Ijyb
  3052 | D:4      | Found a hazy altar of Hepliaklqana.
  3155 | D:4      | Reached skill level 1 in Evocations
  3155 | D:4      | Reached XP level 7. HP: 38/44 MP: 7/7
  3214 | D:4      | Reached skill level 5 in Armour
  3226 | D:4      | Reached skill level 5 in Axes
  3657 | D:5      | Entered Level 5 of the Dungeon
  4064 | D:5      | Reached XP level 8. HP: 36/48 MP: 8/8
  4207 | D:5      | Reached skill level 5 in Fighting
  4211 | D:5      | Reached skill level 6 in Axes
  5082 | D:6      | Reached skill level 5 in Shields
  5090 | D:6      | Reached skill level 7 in Axes
  5090 | D:6      | Reached XP level 9. HP: 52/54 MP: 9/9
  5228 | D:6      | Found a staircase to the Ecumenical Temple.
  5234 | Temple   | Entered the Ecumenical Temple
  6290 | D:6      | Identified the +8 shortbow of the Poles {flame, rPois
                  | Dex+7}
  8484 | D:7      | Reached skill level 8 in Axes
  8773 | D:7      | Killed an unseen horror
  9231 | D:7      | Reached XP level 10. HP: 47/61 MP: 10/10
  9671 | D:8      | Found Mise's Assorted Antiques.
  9679 | D:8      | Noticed a cyclops
  9692 | D:8      | Killed a cyclops
  9693 | D:8      | Reached skill level 5 in Evocations
 10808 | D:8      | Reached skill level 9 in Axes
 11360 | D:8      | Found an iron altar of Okawaru.
 11534 | D:8      | Became a worshipper of Warmaster Okawaru
 11725 | D:9      | Reached skill level 1 in Invocations
 11731 | D:9      | Reached * piety under Okawaru
 12034 | D:9      | Found a staircase to the Lair.
 12523 | D:9      | Found a runed translucent gate.
 12524 | D:9      | Found a runed translucent gate.
 12524 | D:9      | Noticed a spectral centaur warrior
 12525 | D:9      | Found a runed translucent gate.
 12526 | D:9      | Noticed a spectral centaur warrior
 12526 | D:9      | Noticed a spectral centaur warrior
 12528 | D:9      | Noticed pigah's ghost (novice OpAE)
 12752 | D:9      | Noticed a centaur warrior
 12752 | D:9      | Noticed a two-headed ogre
 12773 | D:10     | Entered Level 10 of the Dungeon
 12901 | D:10     | HP: 3/63 [two-headed ogre/+0 giant club (8)]
 12902 | D:10     | Slain by a two-headed ogre

Illustrated notes

Levels and vault maps discovered:
D:1:      enne_arrival_octagon_isle, layout_loops_ring,
          shapermc_ecumenical_altar_ellora
D:2:      layout_loops_ring
D:3:      layout_rooms, kennysheep_generic_room_3, uniq_natasha
D:4:      layout_loops_ring, nicolae_hepliaklqana_monster_ancestors,
          minivault_24, uniq_ijyb
D:5:      layout_rooms, nrook_mini_backslash, minmay_tree_intersection,
          minmay_fractal_squares_diagonal_5
D:6:      layout_basic, minmay_temple_entry_enclosed_plants, minmay_holes,
          minmay_a_box_with_orc_wizards_in_it
D:7:      layout_rooms, grunt_ministairs_4, dreamdust_princess_corridor
D:8:      layout_layer_cave, lemuel_tele_altar, nicolae_take_the_stairs,
          minmay_circle_x
D:9:      minmay_the_grid_triangle_9x9_rhombus_full
          [minmay_the_grid_triangle_9x9_stretched_checkered,
          minmay_the_grid_triangle_9x9_flanged_cone,
          minmay_the_grid_triangle_9x9_shrine,
          minmay_the_grid_triangle_9x9_zippers_vertical,
          minmay_the_grid_triangle_9x9_subtriangle,
          minmay_the_grid_triangle_9x9_odd_lines,
          minmay_the_grid_triangle_9x9_skeleton,
          minmay_the_grid_triangle_9x9_prize_center], layout_long_grid,
          gammafunk_ghost_necromancy
D:10:     layout_small_grid, orc_0_dummy, serial_shops, shop_coins,
          nicolae_stop_n_shop_1, nicolae_shop_stone
Temple:   mainiacjoe_temple_big_plus

Skill      XL: |  1  2  3  4  5  6  7  8  9 10 |
---------------+-------------------------------+-----
Axes           | 2 3 4 5 7 8 9 |  9.5
Armour         | 4 5 6 7 8 |  8.1
Fighting       | 4 5 6 7 |  7.1
Shields        | 4 5 6 |  6.1
Evocations     | 1 2 3 4 5 |  5.6
Invocations    | 2 |  2.1

Action                   |  1- 3 |  4- 6 |  7- 9 | 10-12 || total
-------------------------+-------+-------+-------+-------++-------
Melee: War axe           |    85 |   140 |   427 |   212 ||   864
Evoke: Wand              |       |       |     3 |       ||     3
  Use: Scroll            |     1 |     5 |    11 |     1 ||    18
       Potion            |       |       |     5 |       ||     5
Armor: Scale mail        |    28 |       |       |       ||    28
       Plate armour      |    37 |   136 |   609 |   193 ||   975
Dodge: Dodged            |    41 |    44 |   140 |    79 ||   304
Block: Buckler           |    18 |    27 |   149 |    60 ||   254

Table legend: (Time is in decaauts)
 A = Elapsed time spent in this place.
 B = Non-inter-level travel time spent in this place.
 C = Inter-level travel time spent in this place.
 D = Time resting spent in this place.
 E = Time spent auto-exploring this place.
 F = Levels seen in this place.
 G = Mean time per level.
                   A        B        C        D        E       F      G
               +--------+--------+--------+--------+--------+-----+--------+
         Total |  13115 |  12805 |    310 |   5030 |   5517 |  11 | 1192.3 |
       Dungeon |  12691 |  12407 |    284 |   5030 |   5133 |  10 | 1269.1 |
        Temple |    424 |    398 |     26 |      0 |    384 |   1 |  424.0 |
               +--------+--------+--------+--------+--------+-----+--------+

Top non-repeatable levels by time:
     D:6: 3379 daAuts
     D:8: 1788 daAuts
     D:5: 1357 daAuts
     D:9: 1139 daAuts
     D:7: 1135 daAuts
     D:2: 1079 daAuts
     D:4: 947 daAuts
     D:3: 916 daAuts
     D:1: 819 daAuts
  Temple: 424 daAuts
    D:10: 127 daAuts
